 Dungeon Crawl Stone Soup version 0.25-a0-201-g0bb11aece9 (webtiles) character file.

Game seed: 8242585386272927945, levelgen mode: deterministic

101739 DavidChitty2 the Eclecticist (level 15, -1/92 HPs)
             Began as a Deep Elf Conjurer on Dec 2, 2019.
             Was a High Priest of Vehumet.
             Slain by a ghost moth (6 damage)
             ... on level 3 of the Spider Nest.
             The game lasted 01:44:52 (42659 turns).

DavidChitty2 the Eclecticist (Deep Elf Conjurer)   Turns: 42659, Time: 01:44:52

Health: -1/92      AC: 11    Str:  2 (6)  XL:     15   Next: 84%
Magic:  6/55       EV: 18    Int: 26 (30) God:    Vehumet [*****.]
Gold:   496        SH:  6    Dex: 14 (17) Spells: 7/47 levels left

rFire    + . .     SeeInvis .   a - +2 dagger (elec)
rCold    + . .     Gourm    .   I - +1 buckler {AC+3}
rNeg     . . .     Faith    .   A - +1 leather armour of Aloin {rPois Slay+3}
rPois    +         Spirit   .   (no helmet)
rElec    .         Reflect  .   d - scarf {rC+ rF+}
rCorr    .         Harm     .   P - +2 pair of gloves
MR       +....                  c - +0 pair of boots
Stlth    ++........             M - amulet of Naudeleg {*Drain +Rage MP+9 Int+4 Dex+2}
HPRegen  0.25/turn              s - ring of magical power {=R}
MPRegen  0.34/turn              h - ring of wizardry

@: no status effects
A: no striking features
a: Renounce Religion, Evoke Berserk Rage


You were on level 3 of the Spider Nest.
You worshipped Vehumet.
Vehumet was extremely pleased with you.
You were near starving.

You visited 5 branches of the dungeon, and saw 27 of its levels.
You also visited: Gauntlet.

You collected 2389 gold pieces.
You spent 1893 gold pieces at shops.

Inventory:

Hand Weapons
 a - a +2 dagger of electrocution (weapon)
   (You took it off an orc on level 4 of the Dungeon)
 b - the +7 flail "Ditihung" {vamp, rPois rF+ Dex+2}
   (You found it on level 10 of the Dungeon)

   It inflicts no extra harm, but heals its wielder when it wounds a living foe.
   It affects your dexterity (+2).
   It protects you from fire.
   It protects you from poison.
Missiles
 k - 43 poisoned darts (quivered)
 F - a throwing net {!f}
Armour
 c - a +0 pair of boots (worn)
   (You found it on level 6 of the Lair of Beasts)
 d - a scarf of resistance (worn)
   (You bought it in a shop on level 10 of the Dungeon)
 A - the +1 leather armour of Aloin (worn) {rPois Slay+3}
   (You found it on level 9 of the Dungeon)

   It affects your accuracy and damage with ranged weapons and melee attacks
   (+3).
   It protects you from poison.
 I - a +1 buckler of protection (worn)
   (You bought it in a shop on level 10 of the Dungeon)
 J - a +0 robe of cold resistance
   (You took it off Nergalle on level 1 of the Lair of Beasts)
 P - a +2 pair of gloves (worn)
   (You found it on level 5 of the Lair of Beasts)
 Q - a +2 robe of magic resistance
   (You took it off an orc sorcerer on level 2 of the Orcish Mines)
Jewellery
 h - a ring of wizardry (right hand)
   (You found it on level 4 of the Dungeon)
 i - an uncursed ring of protection from fire
   (You found it on level 5 of the Dungeon)
 s - a ring of magical power (left hand) {=R}
   (You found it on level 3 of the Dungeon)
 M - the amulet of Naudeleg (around neck) {*Drain +Rage MP+9 Int+4 Dex+2}
   (You bought it in a shop on level 2 of the Orcish Mines)

   [amulet of rage]

   It affects your intelligence (+4).
   It affects your dexterity (+2).
   It affects your magic capacity (+9).
   It lets you go berserk.
   It causes draining when unequipped.
Wands
 t - a wand of flame (7)
   (You found it on level 1 of the Spider Nest)
 u - a wand of paralysis (23)
   (You found it on level 6 of the Lair of Beasts)
 v - a wand of digging (3)
   (You found it on level 15 of the Dungeon)
 x - a wand of acid (41)
   (You took it off an orc on level 5 of the Dungeon)
 B - a wand of polymorph (17)
   (You took it off Blork the orc on level 6 of the Dungeon)
Scrolls
 o - 5 scrolls of enchant armour
 p - 5 scrolls of fear
 q - 2 scrolls of magic mapping
 w - a scroll of enchant weapon
 y - 9 scrolls of remove curse {@r2}
 z - 7 scrolls of teleportation {@r4}
 C - 4 scrolls of immolation {!r}
 E - 6 scrolls of fog
 L - 2 scrolls of blinking
 N - a scroll of silence
 O - 7 scrolls of identify {@r1}
Potions
 f - 2 potions of mutation {!q}
 g - 2 potions of agility
 j - 2 potions of cancellation
 l - 16 potions of curing {@q1}
 m - 2 potions of lignification {!q}
 n - a potion of ambrosia
 r - 3 potions of might
 D - 3 potions of brilliance
 G - 4 potions of resistance
 H - 6 potions of flight
 K - 4 potions of haste {@q3}
 R - a potion of invisibility
Comestibles
 e - 26 rations {!d}


   Skills:
 + Level 9.8 Fighting
 + Level 0.4 Armour
 + Level 15.3 Dodging
 - Level 3.2 Stealth
 - Level 4.0 Shields
 + Level 16.6 Spellcasting
 + Level 11.1 Conjurations
 * Level 0.8 Hexes
 + Level 5.1 Summonings
 - Level 7.0 Necromancy
 - Level 2.0 Translocations
 * Level 10.1 Fire Magic
 * Level 4.8 Ice Magic
 + Level 6.1 Air Magic
 - Level 7.0 Earth Magic


You had 7 spell levels left.
You knew the following spells:

 Your Spells              Type           Power        Failure   Level  Hunger
a - Magic Dart            Conj           ####         1%          1    None
b - Blink                 Tloc           N/A          1%          2    None
c - Fireball              Conj/Fire      ######....   1%          5    None
d - Bolt of Fire          Conj/Fire      ######....   1%          6    ###....
e - Freezing Cloud        Conj/Ice/Air   ######....   4%          6    ###....
f - Borgnjor's Vile Clut  Necr/Erth      ######....   3%          5    None
s - Searing Ray           Conj           ######       1%          2    None
w - Summon Mana Viper     Hex/Summ       #####...     16%         5    None
x - Iskenderun's Mystic   Conj           ######..     1%          4    None
z - Summon Lightning Spi  Summ/Air       ######..     1%          4    None

Your spell library contained the following spells:

 Spells                   Type           Power        Failure   Level  Hunger
 Apportation              Tloc           ####..       1%          1    None
 Summon Butterflies       Summ           #####...     1%          1    None
 Summon Small Mammal      Summ           ####         1%          1    None
 Call Imp                 Summ           #####...     1%          2    None
 Ensorcelled Hibernation  Hex/Ice        #####.       1%          2    None
 Call Canine Familiar     Summ           #####...     1%          3    None
 Conjure Flame            Conj/Fire      ######..     1%          3    None
 Dazzling Spray           Conj/Hex       ######       1%          3    None
 Mephitic Cloud           Conj/Pois/Air  ######..     1%          3    None
 Summon Guardian Golem    Hex/Summ       #####...     1%          3    None
 Force Lance              Conj/Tloc      ######..     1%          4    None
 Fulminant Prism          Conj/Hex       ######....   1%          4    None
 Sticky Flame             Conj/Fire      ######..     1%          4    None
 Bolt of Magma            Conj/Fire/Erth ######....   1%          5    None
 Slow                     Hex            ####....     2%          2    None
 Lesser Beckoning         Tloc           ####......   2%          3    None
 Summon Ice Beast         Ice/Summ       #####...     2%          4    None
 Tukima's Dance           Hex            ####....     4%          3    None
 Silence                  Hex/Air        #####.....   14%         5    None
 Shadow Creatures         Summ           N/A          34%         6    ###....
 Alistair's Intoxication  Tmut/Pois      ###.....     47%         5    None
 Summon Hydra             Summ           #####.....   88%         7    #####..
 Darkness                 Hex            ####......   89%         6    ###....
 Invisibility             Hex            ####....     89%         6    ###....


Dungeon Overview and Level Annotations

Branches:
Dungeon (15/15)            Temple (1/1) D:7            Lair (6/6) D:10
  Swamp (0/4) Lair:4       Spider (3/4) Lair:3        Slime (0/5) Lair:6
    Orc (2/2) D:12            Elf (0/3) Orc:2        Vaults (0/5) D:14
 Depths (0/5) D:15        Gauntlet (visited)

Altars:
Ashenzari
Cheibriados
Dithmenos
Elyvilon
Fedhas
Gozag
Hepliaklqana
Kikubaaqudgha
Makhleb
Nemelex Xobeh
Okawaru
Qazlal
Ru
Sif Muna
Trog
Uskayaw
Vehumet
Wu Jian
Xom
Yredelemnul
Zin
The Shining One
Beogh
Lugonu

Shops:
D:10 [   D:12 (   Orc:2 (*=[

Annotations:
D:4 3 runed translucent doors, grouchysmurf's ghost, amateur HOMo
D:5 1 runed translucent door
D:6 2 transporters, iamserjio's ghost, novice OpAK
D:8 1 runed translucent door, Killmatronix's ghost, novice KoHu
D:11 3 runed translucent doors, floatRand's ghost, journeyman FoFi
Lair:4 3 runed translucent doors, Kaimiung's ghost, journeyman MiFi


Message History

You are poisoned.
Something poisons you!
You are confused.
You feel invigorated.
You feel very sick.
You feel very sick.
You feel you are being watched by something.
You feel your power leaking away. Something hits you. Something hits you!
Something closely misses you.
You feel very sick. Something hits you but does no damage. Something hits you.
Something stings you but does no damage.
Unknown command.
You feel very sick. Something hits you but does no damage. Something hits you.
Something barely misses you.
You feel very sick.
You feel you are being watched by something.
You feel your power leaking away. Something hits you!
* * * LOW HITPOINT WARNING * * *
Something hits you!
* * * LOW HITPOINT WARNING * * *
You feel dopey. Something stings you.
* * * LOW HITPOINT WARNING * * *
You feel sick.
You feel you are being watched by something.
You feel your power leaking away. Something hits you but does no damage.
Something hits you!
* * * LOW HITPOINT WARNING * * *
You feel dopey. Something stings you.
* * * LOW HITPOINT WARNING * * *
You feel better.
You feel less invigorated. Something hits you but does no damage.
Something hits you but does no damage. Something stings you.
* * * LOW HITPOINT WARNING * * *
Something hits you!
* * * LOW HITPOINT WARNING * * *
You feel clumsy. Something hits you but does no damage. Something stings you.
You die...

####...<.....#...^#.....
##..........#.##.^..^
#....##......>.....#.
#....#....>#.#.......
###.[##.#.......^.....
#.........#..#.....#..
##.....^^..#..##.###...
#...[..{#......... ##..
##^###@##..#....#.. #..
### ### ..†..#. . #..
...†... )^. ^.....# ....
..##... .##.. ### †#. ..
#.^ †> ... ^. [..


There were no monsters in sight!

Vanquished Creatures
  Kirke (D:14)
  A frost giant (D:15)
  An orc warlord (Orc:2)
  Azrael (Spider:2)
  A spark wasp (Spider:3)
  An ettin (Orc:1)
  2 vault guards (D:14)
  Erica (Lair:2)
  6 hydras
  Harold (D:11)
  5 death yaks
  2 catoblepae
  2 centaur warriors
  5 two-headed ogres
  Sonja (D:10)
  Nergalle (Lair:1)
  A fire crab (Lair:6)
  An unseen horror (D:15)
  A wizard (D:14)
  5 orc knights (Orc:2)
  2 deep elf magi
  12 wolf spiders
  3 ugly things (D:15)
  3 orb spiders
  2 cyclopes
  3 manticores
  5 orc sorcerers
  5 elephants
  3 black mambas (Lair:6)
  Maurice (D:13)
  A torpor snail (Lair:3)
  6 spiny frogs
  3 komodo dragons
  A yaktaur (D:15)
  2 kobold demonologists
  7 demonic crawlers
  2 rime drakes
  11 jumping spiders
  3 red devils (D:14)
  5 trolls
  2 hornets
  A polar bear (Lair:6)
  Prince Ribbit (D:5)
  9 blink frogs
  A dream sheep (D:9)
  3 slime creatures
  A meliai zombie (D:12)
  8 hippogriffs
  35 redbacks
  Sigmund (D:2)
  14 tarantellas
  A wraith (D:15)
  2 wyverns
  7 humans (D:14)
  27 yaks
  3 fire elementals (Spider:2)
  2 hogs (D:14)
  2 fire bats (D:13)
  2 basilisks
  14 wargs
  5 water moccasins
  6 hell hounds
  Edmund (D:5)
  6 porcupines
  Duvessa (D:7)
  2 ice beasts
  30 orc warriors
  2 phantoms
  4 sky beasts
  A black bear (D:7)
  An eye of draining (shapeshifter) (D:15)
  3 eyes of draining
  5 wolves (Lair:6)
  9 ogres
  5 centaurs
  5 crocodiles
  3 big kobolds
  14 bullfrogs
  Blork the orc (D:6)
  Dowan (D:7)
  4 scorpions
  9 killer bees
  8 wights
  2 lava snakes (D:13)
  A bullfrog zombie (D:8)
  6 crimson imps
  8 jellies
  3 bullfrog skeletons
  4 centaur skeletons
  A gnoll shaman (D:6)
  4 hounds
  20 orc wizards
  5 centaur zombies
  8 orc priests
  3 iguanas
  5 worker ants
  A hell rat (D:10)
  8 gnolls
  13 adders
  4 shadow imps
  11 oozes
  3 adder skeletons
  2 worms
  4 dart slugs
  5 leopard geckos
  91 orcs
  4 giant cockroaches
  8 goblins
  6 hobgoblins
  2 jackals (D:1)
  9 quokkas
  A ball python skeleton (D:4)
  5 bats
  6 frilled lizards
  19 kobolds
  A leopard gecko skeleton (D:7)
  A leopard gecko zombie (D:5)
  2 quokka skeletons (D:8)
  8 rats
  A spectral orc (D:8)
  2 fire vortices (D:13)
  6 fungi
  5 plants
680 creatures vanquished.

Vanquished Creatures (collateral kills)
  A ghost moth (Spider:2)
  2 vault guards (D:14)
  4 hydras
  A two-headed ogre (D:14)
  2 catoblepae (Lair:6)
  The ghost of sankara the Grappler, a novice MiTm of Okawaru (D:9)
  5 death yaks
  4 orc knights (Orc:2)
  3 wolf spiders
  A cyclops (D:15)
  An oklob plant (Lair:3)
  An ugly thing (D:13)
  4 elephants (Lair:4)
  A black mamba (Lair:5)
  2 spiny frogs
  2 komodo dragons
  A kobold demonologist (D:12)
  A red devil (D:14)
  2 jumping spiders
  8 blink frogs
  2 hippogriffs
  3 slime creatures (D:13)
  A dream sheep (D:9)
  2 tarantellas (Spider:2)
  6 redbacks
  A wraith (D:15)
  2 hogs (D:14)
  16 yaks
  2 fire bats (D:13)
  A hungry ghost (D:12)
  3 water moccasins
  2 wargs
  2 hell hounds
  8 orc warriors
  7 porcupines
  An ogre (Orc:2)
  A wolf (Lair:6)
  3 crocodiles
  6 big kobolds
  A bullfrog (Lair:5)
  A wyvern zombie (D:14)
  A killer bee (D:9)
  2 wights (D:12)
  An orc priest (Orc:2)
  7 jellies
  An iguana (D:11)
  7 hell rats (Lair:4)
  2 worker ants
  9 oozes
  10 orcs
  4 kobolds
  A fire vortex (D:13)
163 creatures vanquished.

Vanquished Creatures (others)
  2 humans (D:14)
  10 fungi
  15 plants
27 creatures vanquished.

Grand Total: 870 creatures vanquished

Notes
Turn   | Place    | Note
-------+----------+-------------------------------------------
     0 | D:1      | DavidChitty2 the Deep Elf Conjurer began the quest for the
                  | Orb.
     0 | D:1      | Reached XP level 1. HP: 10/10 MP: 6/6
   118 | D:1      | Reached XP level 2. HP: 15/15 MP: 0/8
   122 | D:1      | Learned a level 2 spell: Searing Ray
   875 | D:1      | Reached skill level 5 in Conjurations
   875 | D:1      | Reached XP level 3. HP: 19/19 MP: 6/10
  1568 | D:2      | Noticed Sigmund
  1576 | D:2      | Killed Sigmund
  1576 | D:2      | Reached skill level 4 in Spellcasting
  1576 | D:2      | Reached XP level 4. HP: 7/24 MP: 2/12
  1576 | D:2      | Reached XP level 5. HP: 8/28 MP: 2/14
  1662 | D:2      | Learned a level 4 spell: Iskenderun's Mystic Blast
  2502 | D:3      | Reached XP level 6. HP: 32/32 MP: 8/15
  2803 | D:3      | Found a burning altar of Makhleb.
  3006 | D:3      | Found a shimmering altar of Xom.
  3006 | D:3      | Found a glowing silver altar of Zin.
  3006 | D:3      | Noticed an angel
  3131 | D:3      | Found a shimmering blue altar of Sif Muna.
  3400 | D:3      | Reached skill level 5 in Spellcasting
  3413 | D:3      | Found an ornate altar of the Wu Jian Council.
  4390 | D:4      | Reached skill level 5 in Dodging
  4390 | D:4      | Reached XP level 7. HP: 26/36 MP: 5/17
  4565 | D:4      | Found a runed translucent gate.
  4565 | D:4      | Found a runed translucent gate.
  4565 | D:4      | Found a runed translucent gate.
  4566 | D:4      | Noticed grouchysmurf's ghost (amateur HOMo)
  4600 | D:4      | Found an iron altar of Okawaru.
  5494 | D:5      | Entered Level 5 of the Dungeon
  5579 | D:5      | Reached skill level 6 in Spellcasting
  5903 | D:5      | Noticed Prince Ribbit
  5906 | D:5      | Killed Prince Ribbit
  5906 | D:5      | Reached XP level 8. HP: 36/41 MP: 18/20
  6132 | D:5      | Found a glowing silver altar of Zin.
  6137 | D:5      | Noticed an angel
  6142 | D:5      | Found a runed translucent door.
  6179 | D:5      | Noticed Edmund
  6189 | D:5      | Killed Edmund
  6189 | D:5      | Reached skill level 7 in Spellcasting
  7272 | D:6      | Found a transporter.
  7275 | D:6      | Noticed iamserjio's ghost (novice OpAK)
  7280 | D:6      | Reached skill level 8 in Spellcasting
  7350 | D:6      | Found a transporter.
  7356 | D:6      | Noticed Blork the orc
  7361 | D:6      | Killed Blork the orc
  7361 | D:6      | Reached skill level 10 in Conjurations
  7809 | D:6      | Found a bloodstained altar of Trog.
  7875 | D:6      | Reached XP level 9. HP: 45/45 MP: 23/23
  8314 | D:7      | Paralysed by a hornet for 1 turns
  8817 | D:7      | Found a glowing golden altar of the Shining One.
  9040 | D:7      | Got a bloodstained plate armour
  9159 | D:7      | Reached skill level 9 in Spellcasting
  9171 | D:7      | Noticed Duvessa
  9174 | D:7      | Noticed Dowan
  9176 | D:7      | Killed Duvessa
  9181 | D:7      | Killed Dowan
  9318 | D:7      | Found a staircase to the Ecumenical Temple.
  9327 | Temple   | Entered the Ecumenical Temple
  9357 | Temple   | Became a worshipper of Vehumet
  9459 | D:7      | Found a hazy altar of Hepliaklqana.
  9525 | D:7      | Found an opulent altar of Gozag.
 10316 | D:8      | Reached skill level 1 in Fighting
 10399 | D:8      | Learned a level 4 spell: Summon Lightning Spire
 10433 | D:8      | Found a basalt altar of Yredelemnul.
 10503 | D:8      | Found a runed translucent door.
 10503 | D:8      | Noticed Killmatronix's ghost (novice KoHu)
 10667 | D:8      | Reached skill level 1 in Summonings
 10719 | D:8      | Found a blossoming altar of Fedhas.
 10753 | D:8      | Found a sparkling altar of Nemelex Xobeh.
 10765 | D:8      | Reached skill level 1 in Air Magic
 10830 | D:8      | Learned a level 2 spell: Blink
 11178 | D:9      | Reached * piety under Vehumet
 11178 | D:9      | Offered knowledge of Sandblast by Vehumet.
 11181 | D:9      | Reached XP level 10. HP: 52/52 MP: 7/25
 11188 | D:9      | Reached skill level 1 in Translocations
 11538 | D:9      | Found a hide-covered altar of Uskayaw.
 11959 | D:9      | Found a runed translucent door.
 11959 | D:9      | Noticed sankara's ghost (novice MiTm)
 11976 | D:9      | Killed sankara's ghost
 11976 | D:9      | Reached skill level 10 in Spellcasting
 11984 | D:9      | Identified the Papyrus of Harmful Weightlessness
 11992 | D:9      | Learned a level 5 spell: Fireball
 12096 | D:9      | Got a distressingly furry leather armour
 12107 | D:9      | Identified the +1 leather armour of Aloin {rPois Slay+3}
                  | (You found it on level 9 of the Dungeon)
 12309 | D:9      | Reached skill level 1 in Fire Magic
 12435 | D:9      | Noticed a three-headed hydra
 12445 | D:9      | Killed a three-headed hydra
 12765 | D:9      | Noticed a red ugly thing
 12889 | D:10     | Entered Level 10 of the Dungeon
 12889 | D:10     | Noticed a two-headed ogre
 12921 | D:10     | Noticed a death yak
 13270 | D:10     | Noticed Sonja
 13274 | D:10     | Killed Sonja
 13274 | D:10     | Reached skill level 5 in Air Magic
 13321 | D:10     | Offered knowledge of Throw Flame by Vehumet.
 13391 | D:10     | Found Koseoxo's Armour Shop.
 13408 | D:10     | Bought a +1 buckler of protection for 247 gold pieces
 13415 | D:10     | Noticed a death yak
 13418 | D:10     | Noticed a death yak
 13449 | D:10     | Reached XP level 11. HP: 45/60 MP: 15/27
 13632 | D:10     | Killed a death yak
 13632 | D:10     | Reached skill level 1 in Shields
 13634 | D:10     | Killed a death yak
 13634 | D:10     | Reached ** piety under Vehumet
 13634 | D:10     | Reached skill level 10 in Dodging
 13821 | D:10     | Killed a two-headed ogre
 13821 | D:10     | Reached skill level 11 in Spellcasting
 14049 | D:10     | Noticed a hell knight
 14247 | D:10     | Killed a death yak
 14474 | D:10     | Found a staircase to the Lair.
 14662 | D:10     | Got a shimmering flail
 14663 | D:10     | Identified the +7 flail "Ditihung" {vamp, rPois rF+ Dex+2}
                  | (You found it on level 10 of the Dungeon)
 14840 | Lair:1   | Entered Level 1 of the Lair of Beasts
 14843 | Lair:1   | Noticed Nergalle
 14850 | Lair:1   | Killed Nergalle
 16041 | Lair:2   | Offered knowledge of Inner Flame by Vehumet.
 16043 | Lair:2   | Noticed a catoblepas
 16494 | Lair:2   | Reached skill level 5 in Fire Magic
 16838 | Lair:2   | Killed a catoblepas
 17131 | Lair:2   | Noticed a six-headed hydra
 17159 | Lair:2   | Killed a six-headed hydra
 17159 | Lair:2   | Reached skill level 12 in Spellcasting
 17282 | Lair:2   | Reached skill level 5 in Fighting
 17282 | Lair:2   | Reached XP level 12. HP: 68/68 MP: 20/30
 17567 | Lair:2   | Noticed Erica
 17573 | Lair:2   | Killed Erica
 17951 | Lair:3   | Noticed a seven-headed hydra
 17961 | Lair:3   | Killed a seven-headed hydra
 17972 | Lair:3   | Noticed a four-headed hydra
 18146 | Lair:3   | Killed a four-headed hydra
 18318 | Lair:3   | Learned a level 5 spell: Borgnjor's Vile Clutch
 18824 | Lair:3   | Reached *** piety under Vehumet
 18826 | Lair:3   | Reached skill level 1 in Necromancy
 18827 | Lair:3   | Reached skill level 1 in Earth Magic
 18831 | Lair:3   | Offered knowledge of Ignite Poison by Vehumet.
 19330 | Lair:3   | Found a hole to the Spider Nest.
 19985 | Lair:4   | Found a runed translucent gate.
 19985 | Lair:4   | Found a runed translucent gate.
 19987 | Lair:4   | Found a runed translucent gate.
 19987 | Lair:4   | Noticed Kaimiung's ghost (journeyman MiFi)
 20441 | Lair:4   | Noticed a five-headed hydra
 20446 | Lair:4   | Killed a five-headed hydra
 20558 | Lair:4   | Found an opulent altar of Gozag.
 20676 | Lair:4   | Reached **** piety under Vehumet
 20850 | Lair:4   | Reached skill level 13 in Spellcasting
 21176 | Lair:4   | Found a staircase to the Swamp.
 21348 | Lair:5   | Found a gate leading to a gauntlet.
 21356 | Gauntlet | Entered a Gauntlet
 21356 | Gauntlet | Found a transporter.
 21356 | Gauntlet | Found a transporter.
 21430 | Gauntlet | Found a transporter.
 21434 | Gauntlet | Found a transporter.
 21444 | Gauntlet | Found a transporter.
 21448 | Gauntlet | Found a transporter.
 21464 | Gauntlet | Found a transporter.
 21465 | Gauntlet | Noticed a catoblepas
 21481 | Gauntlet | Noticed a dire elephant
 21489 | Gauntlet | Found a runed translucent gate.
 21490 | Gauntlet | Found a large runed translucent door.
 21490 | Gauntlet | Found a large runed translucent door.
 21491 | Gauntlet | Found a large runed translucent door.
 21492 | Gauntlet | Found a large runed translucent door.
 21493 | Gauntlet | Found a large runed translucent door.
 21493 | Gauntlet | Found a large runed translucent door.
 21493 | Gauntlet | Found a runed translucent door.
 21494 | Gauntlet | Found a large runed translucent door.
 21495 | Gauntlet | Found a large runed translucent door.
 21501 | Gauntlet | Found a transporter.
 21501 | Gauntlet | Found a runed translucent gate.
 21501 | Gauntlet | Found a transporter.
 21501 | Gauntlet | Found a transporter.
 21502 | Gauntlet | Found a runed translucent door.
 21502 | Gauntlet | Found a runed translucent gate.
 21504 | Gauntlet | Found a large runed translucent door.
 21504 | Gauntlet | Found a large runed translucent door.
 21504 | Gauntlet | Found a large runed translucent door.
 21504 | Gauntlet | Found a large runed translucent door.
 21539 | Gauntlet | Found a large runed translucent door.
 21539 | Gauntlet | Found a large runed translucent door.
 21542 | Gauntlet | Found a large runed translucent door.
 21542 | Gauntlet | Found a large runed translucent door.
 21549 | Gauntlet | Found a transporter.
 21559 | Gauntlet | Found a transporter.
 21759 | Lair:5   | Noticed a four-headed hydra
 21772 | Lair:5   | Reached skill level 5 in Necromancy
 21773 | Lair:5   | Killed a four-headed hydra
 22033 | Lair:5   | Offered knowledge of Lee's Rapid Deconstruction by Vehumet.
 22043 | Lair:5   | Reached XP level 13. HP: 58/74 MP: 16/32
 22055 | Lair:5   | Reached skill level 5 in Earth Magic
 22989 | Lair:6   | Entered Level 6 of the Lair of Beasts
 23017 | Lair:6   | Found a staircase to the Slime Pits.
 23826 | Lair:6   | Reached ***** piety under Vehumet
 24110 | Lair:6   | Offered knowledge of Iron Shot by Vehumet.
 24111 | Lair:6   | Reached skill level 5 in Summonings
 25247 | D:10     | Bought a scarf of resistance for 480 gold pieces
 25512 | D:11     | Reached skill level 14 in Spellcasting
 25647 | D:11     | Noticed Harold
 25691 | D:11     | Killed Harold
 25976 | D:11     | Found a runed translucent gate.
 25977 | D:11     | Found a runed translucent gate.
 25978 | D:11     | Found a runed translucent gate.
 25980 | D:11     | Noticed floatRand's ghost (journeyman FoFi)
 26649 | D:12     | Found Elomuy's Antique Weapon Shop.
 27074 | D:12     | Found a staircase to the Orcish Mines.
 27350 | D:12     | Reached XP level 14. HP: 82/82 MP: 23/34
 27351 | D:12     | Offered knowledge of Lightning Bolt by Vehumet.
 29391 | D:13     | Noticed Maurice
 29398 | D:13     | Killed Maurice
 29980 | D:14     | Noticed Kirke
 29989 | D:14     | Killed Kirke
 30561 | D:14     | Reached skill level 15 in Spellcasting
 30945 | D:14     | You fall into a shaft and drop 1 floor!
 30945 | D:15     | Entered Level 15 of the Dungeon
 31180 | D:14     | Found a shimmering altar of Xom.
 31181 | D:14     | Found a shimmering altar of Xom.
 31660 | D:14     | Found a shimmering altar of Xom.
 31661 | D:14     | Found a shimmering altar of Xom.
 31931 | D:14     | Found a gate to the Vaults.
 32070 | Orc:1    | Entered Level 1 of the Orcish Mines
 32092 | Orc:1    | Offered knowledge of Bolt of Fire by Vehumet.
 32318 | D:12     | Learned a level 6 spell: Bolt of Fire
 32524 | Orc:2    | Entered Level 2 of the Orcish Mines
 34023 | Orc:2    | Found a roughly hewn altar of Beogh.
 34031 | Orc:2    | Found Wedujot's Armour Emporium.
 34031 | Orc:2    | Found Erchas's Jewellery Boutique.
 34508 | Orc:2    | Found Reanud's Assorted Antiques.
 34508 | Orc:2    | Found Yzi Cam's Weapon Boutique.
 34641 | Orc:2    | Found a staircase to the Elven Halls.
 35013 | Orc:1    | Noticed an orc warlord
 35282 | Orc:2    | Killed an orc warlord
 35282 | Orc:2    | Reached XP level 15. HP: 90/90 MP: 10/36
 35771 | Orc:2    | Bought the amulet of Naudeleg {*Drain +Rage MP+9 Int+4
                  | Dex+2} for 1166 gold pieces
 36064 | D:15     | Reached skill level 16 in Spellcasting
 36471 | D:15     | Offered knowledge of Freezing Cloud by Vehumet.
 36814 | D:15     | Noticed a frost giant
 36818 | D:15     | Killed a frost giant
 36898 | D:15     | Found a staircase to the Depths.
 37326 | D:12     | Learned a level 6 spell: Freezing Cloud
 37474 | Spider:1 | Entered Level 1 of the Spider Nest
 37740 | Spider:1 | Reached skill level 1 in Ice Magic
 37746 | Spider:1 | Reached skill level 15 in Dodging
 40325 | Spider:2 | Noticed Azrael
 40344 | Spider:2 | Killed Azrael
 41307 | Spider:3 | Reached skill level 10 in Fire Magic
 41897 | Spider:1 | Learned a level 5 spell: Summon Mana Viper
 42006 | Spider:2 | Killed a ghost moth
 42659 | Spider:3 | Slain by a ghost moth

Levels and vault maps discovered:
D:1:      eino_arrival_druids_welcome, layout_loops_ring
D:2:      layout_basic, minmay_liquid_box, uniq_sigmund
D:3:      layout_loops_ring, grunt_temple_overflow_order_and_chaos_1,
          marbit_many_paths, lemuel_blue_sif_altar, bloody_makhleb
D:4:      layout_layer_cave, kennysheep_mini, first_ration,
          ebering_ghost_rock_garden
D:5:      layout_loops_cross, lemuel_angel_altar, uniq_edmund,
          uniq_prince_ribbit1
D:6:      layout_basic, bloody_trog, gammafunk_ghost_arena, uniq_blork_the_orc
D:7:      layout_loops_corners, nicolae_tso_swordbearing_angel,
          kennysheep_mini_moat, nicolae_gozag_cash_rules_everything_around_me,
          minmay_temple_entry_sparse_star, uniq_duvessa
D:8:      layout_rooms, overflow_temple_1_default,
          yredelemnul_forgotten_temple_becter, fedhas_altar_decomposition,
          hellmonk_ghost_happy_afterlife
D:9:      layout_cave_pools, eat_drink_and_be_merry_uskayaw,
          gammafunk_ghost_grave, hangedman_ranch [blue_anna_fruit_fields],
          kennysheep_small_spiral, lightli_corner_chamber
D:10:     layout_roguey, dpeg_lair_monsters, serial_shops, shop,
          minmay_rotating_lava, uniq_sonja
D:11:     layout_layer_cave, gammafunk_ghost_hydra_chop, uniq_harold
D:12:     layout_cave_pods, david_orc_1_choice, serial_shops, shop
D:13:     layout_roguey, hangedman_incinerator, uniq_maurice
D:14:     layout_stronghold, ximxim_vaults_locker_room, xom_redecorated,
          einodemon_armed_red_devil_minivault, uniq_kirke
D:15:     grunt_enter_depths_snipers, layout_irregular_city, drop_trap
Temple:   corrupted_temple
Lair:1:   layout_loops_ring, serial_bayou_pond_b, uniq_nergalle
Lair:2:   layout_regular_city, nicolae_quartered_pool_little,
          infiniplex_staircase_pool_2, grunt_megastairs_5, uniq_erica
Lair:3:   lemuel_slime, layout_loops_ring, spider_nest_entry_funnel_web
Lair:4:   layout_concentric_octagons, swamp_mist, gammafunk_ghost_split,
          basic_altar, grunt_megastairs_2
Lair:5:   layout_cave_pods, gauntlet_entry_generic
Lair:6:   evilmike_catoblepas_cave, layout_big_grid,
          nicolae_slime_entry_slimehenge, hibernation_bobbens
Spider:1: layout_spider_delve, spiders_nest_spider_trap
Spider:2: layout_spider_delve, uniq_azrael
Spider:3: layout_spider_delve
Orc:1:    layout_caves
Orc:2:    st_orc_town, layout_caves, mines4_lemuel

Skill      XL: |  1  2  3  4  5  6  7  8  9 10 11 12 13 14 15 |
---------------+----------------------------------------------+-----
Dodging        | 3 4 5 6 7 8 9 11 13 14 15 | 15.3
Conjurations   | 5 6 7 8 10 11 | 11.1
Spellcasting   | 4 5 6 8 9 10 12 13 14 15 16 | 16.6
Stealth        | 3 |  3.2
Fighting       | 1 3 5 6 7 9 |  9.8
Summonings     | 2 3 5 |  5.1
Air Magic      | 1 5 6 |  6.1
Translocations | 2 |  2.0
Fire Magic     | 3 5 6 7 10 | 10.1
Shields        | 4 |  4.0
Necromancy     | 5 7 |  7.0
Earth Magic    | 4 7 |  7.0
Ice Magic      | 4 |  4.8
Armour         | |  0.4
Hexes          | |  0.8

Action                   |  1- 3 |  4- 6 |  7- 9 | 10-12 | 13-15 || total
-------------------------+-------+-------+-------+-------+-------++-------
Melee: Dagger            |       |     7 |     2 |     4 |    19 ||    32
Throw: Dart              |     1 |       |       |       |       ||     1
 Cast: Magic Dart        |    89 |   105 |   235 |   239 |   340 ||  1008
       Searing Ray       |     1 |     1 |     2 |     6 |       ||    10
       Iskenderun's Myst |       |     8 |    82 |    53 |    32 ||   175
       Summon Lightning  |       |       |       |    76 |    87 ||   163
       Fireball          |       |       |       |   110 |   123 ||   233
       Blink             |       |       |       |    20 |     8 ||    28
       Borgnjor's Vile C |       |       |       |     1 |   217 ||   218
       Bolt of Fire      |       |       |       |       |   178 ||   178
       Freezing Cloud    |       |       |       |       |    16 ||    16
       Summon Mana Viper |       |       |       |       |     4 ||     4
Evoke: Wand              |       |       |       |       |     1 ||     1
  Use: Scroll            |       |     9 |    12 |     6 |     9 ||    36
       Potion            |       |       |     1 |     6 |     8 ||    15
 Stab: Distracted        |       |       |       |       |     2 ||     2
  Eat: Chunk             |     2 |     6 |    20 |    24 |    57 ||   109
       Ration            |       |     1 |     1 |     6 |     8 ||    16
Armor: Robe              |     3 |     1 |     9 |    16 |    16 ||    45
       Leather armour    |       |       |       |     9 |    48 ||    57
Dodge: Dodged            |     5 |    11 |    65 |   155 |   249 ||   485
Block: Buckler           |       |       |       |    24 |    84 ||   108

Table legend:
 A = Non-vault XP
 B = Vault XP
 C = Vault XP percentage of total XP
 D = Non-vault monster count
 E = Vault monster count
 F = Vault count percentage of total count
                 A         B        C        D         E       F
            +---------+---------+-------+---------+---------+-------
      Total |   96018 |   49324 |  33.9 |     592 |     237 |  28.6
            +---------+---------+-------+---------+---------+-------
        D:1 |      54 |       0 |   0.0 |      24 |       0 |   0.0
        D:2 |      58 |     223 |  79.4 |      25 |       1 |   3.8
        D:3 |      94 |       4 |   4.1 |      14 |       1 |   6.7
        D:4 |     475 |       0 |   0.0 |      21 |       0 |   0.0
        D:5 |     489 |     423 |  46.4 |      21 |       2 |   8.7
        D:6 |     917 |      91 |   9.0 |      19 |       1 |   5.0
        D:7 |    1559 |     216 |  12.2 |      22 |       2 |   8.3
        D:8 |     729 |       1 |   0.1 |      14 |       1 |   6.7
        D:9 |    1953 |    1848 |  48.6 |      21 |       9 |  30.0
       D:10 |    2935 |    3847 |  56.7 |      26 |      15 |  36.6
       D:11 |    2359 |     545 |  18.8 |      20 |       1 |   4.8
       D:12 |    4426 |     555 |  11.1 |      31 |       9 |  22.5
       D:13 |    5428 |    1156 |  17.6 |      41 |       8 |  16.3
       D:14 |    5609 |    8091 |  59.1 |      16 |      20 |  55.6
       D:15 |    6402 |    3099 |  32.6 |      18 |       3 |  14.3
     Lair:1 |     452 |    1266 |  73.7 |       3 |       6 |  66.7
     Lair:2 |    5624 |     927 |  14.2 |      21 |       3 |  12.5
     Lair:3 |    4270 |    1715 |  28.7 |      15 |      26 |  63.4
     Lair:4 |    5272 |     119 |   2.2 |      21 |       7 |  25.0
     Lair:5 |    4338 |       0 |   0.0 |      20 |       0 |   0.0
     Lair:6 |    8182 |   11186 |  57.8 |      27 |      31 |  53.4
   Spider:1 |   11083 |    2578 |  18.9 |      38 |       9 |  19.1
   Spider:2 |    9940 |    2098 |  17.4 |      36 |       8 |  18.2
   Spider:3 |    4857 |       0 |   0.0 |      11 |       0 |   0.0
      Orc:1 |    3674 |     153 |   4.0 |      28 |       2 |   6.7
      Orc:2 |    4839 |    9183 |  65.5 |      39 |      72 |  64.9
            +---------+---------+-------+---------+---------+-------
